 Dungeon Crawl Stone Soup version 0.23-a0-726-g9fa1570 (webtiles) character file.

703 galech the Chopper (level 7, -3/57 HPs)
             Began as a Demonspawn Fighter on Jan 16, 2019.
             Slain by a centaur (9 damage)
             ... on level 5 of the Dungeon.
             The game lasted 00:04:01 (4021 turns).

galech the Chopper (Demonspawn Fighter)             Turns: 4021, Time: 00:04:02

Health: -3/57      AC:  7    Str: 16    XL:     7   Next: 39%
Magic:  7/7        EV: 10    Int:  9    God:
Gold:   211        SH: 10    Dex: 21    Spells: 6/6 levels left

rFire    . . .     SeeInvis .   a - +0 war axe
rCold    . . .     Gourm    .   c - +0 shield
rNeg     . . .     Faith    .   r - +1 leather armour of Ashenzari's Approval {Dex+6}
rPois    +         Spirit   .   (no helmet)
rElec    .         Reflect  .   w - +0 cloak
rCorr    .         Harm     .   (no gloves)
MR       .....                  (no boots)
Stlth    ++........             (no amulet)
HPRegen  0.19/turn              n - ring of poison resistance
MPRegen  0.10/turn              (no ring)

@: no status effects
A: rugged brown scales 2, spiny 1
a: no special abilities


You were on level 5 of the Dungeon.
You were not hungry.

You visited 1 branch of the dungeon, and saw 5 of its levels.

You collected 211 gold pieces.

Inventory:

Hand Weapons
 a - a +0 war axe (weapon)
Armour
 c - a +0 shield (worn)
 r - the +1 leather armour of Ashenzari's Approval (worn) {Dex+6}
   (You found it on level 4 of the Dungeon)

   It affects your dexterity (+6).
 w - a +0 cloak (worn)
Jewellery
 n - a ring of poison resistance (left hand)
Scrolls
 b - a scroll of remove curse {unknown}
 g - a scroll of enchant armour {unknown}
 l - 7 scrolls of identify {unknown}
 m - 4 scrolls of enchant weapon {unknown}
 o - a scroll of blinking {unknown}
 q - a scroll of amnesia {unknown}
 s - a scroll of fog {unknown}
Potions
 d - a potion of might
 e - 2 potions of heal wounds {unknown}
 h - a potion of magic {unknown}
 i - 4 potions of curing {unknown}
 j - a potion of invisibility {unknown}
 k - 2 potions of brilliance {unknown}
 p - a potion of berserk rage {unknown}
 t - 2 potions of agility {unknown}
 u - a potion of mutation {unknown}
Comestibles
 f - 6 rations
 v - a chunk of flesh


   Skills:
 + Level 4.5 Fighting
 + Level 4.9 Axes
 + Level 3.7 Armour
 + Level 1.5 Dodging
 + Level 1.8 Stealth
 + Level 4.0 Shields


You had 6 spell levels left.
You didn't know any spells.
Your spell library contained the following spells:

 Spells                   Type           Power        Failure   Level  Hunger
 Beastly Appendage        Tmut           #.....       90%         1    ##.....
 Sticks to Snakes         Tmut           #.......     97%         2    ###....
 Spider Form              Tmut/Pois      #.........   99%         3    ####...
 Ice Form                 Ice/Tmut       #.......     100%        4    #####..
 Blade Hands              Tmut           #.........   100%        5    ######.


Dungeon Overview and Level Annotations

Branches:
Dungeon (5/15)
 Temple: D:4-7

Altars:
Cheibriados
Elyvilon
Fedhas
Gozag
Sif Muna
The Shining One


Innate Abilities, Weirdness & Mutations

You are mostly covered in rugged brown scales. (AC +2, +5% HP)
You are partially covered in sharp spines.


Message History

You are too injured to fight recklessly!
You are too injured to fight recklessly!
You are too injured to fight recklessly!
You are too injured to fight recklessly!
You are too injured to fight recklessly!
You are too injured to fight recklessly!
The centaur unwields a +0 shortbow.
The centaur is struck by your spines. The centaur hits you.
* * * LOW HITPOINT WARNING * * *
You slash the centaur!
The centaur is moderately wounded.
You block the centaur's attack. The centaur barely misses you.
You hit the centaur but do no damage.
The centaur is moderately wounded.
The centaur closely misses you. The centaur hits you!
* * * LOW HITPOINT WARNING * * *
You hit the centaur.
The centaur is moderately wounded.
The centaur barely misses you. The centaur hits you!
You die...

##..## ##.....## ####..##
#.......# ## ###....##
#..#....#####. #.....++
+..........##.. ##.....##
##............. #..>##..##
##............ #.......(.##
##.....##.... #...........##
##.......... ##.........(@#
####.........
##..........c........#......
#....................#......
##...................#......
#.............##...........
#.............##...##≈≈≈.#.
#.............. #≈≈≈≈≈..
.............# #_≈≈.≈≈..
##≈≈≈≈≈.#


You could see a centaur.

Vanquished Creatures
  Eustachio (D:5)
  A scorpion (D:5)
  A howler monkey (D:4)
  A crimson imp (D:4)
  2 orc priests
  2 orc wizards (D:4)
  A centaur skeleton (D:4)
  Crazy Yiuf (D:4)
  2 worker ants
  6 gnolls
  4 adders
  A shadow imp (D:5)
  An ooze (D:1)
  An adder skeleton (D:5)
  A worm (D:2)
  4 dart slugs
  4 leopard geckos
  9 orcs
  11 bats
  5 giant cockroaches
  2 goblins
  3 hobgoblins
  7 jackals
  A quokka (D:5)
  7 frilled lizards
  A goblin zombie (D:4)
  4 hobgoblin zombies (D:4)
  9 kobolds
  6 kobold skeletons (D:4)
  A leopard gecko skeleton (D:5)
  An orc skeleton (D:4)
  An orc zombie (D:4)
  9 rats
111 creatures vanquished.

Notes
Turn   | Place    | Note
-------+----------+-------------------------------------------
     0 | D:1      | galech the Demonspawn Fighter began the quest for the Orb.
     0 | D:1      | Reached XP level 1. HP: 18/18 MP: 1/1
    99 | D:1      | Gained mutation: You are partially covered in rugged brown
                  | scales. (AC +1, +3% HP) [demonic ancestry]
    99 | D:1      | Reached XP level 2. HP: 13/24 MP: 2/2
   551 | D:1      | Reached XP level 3. HP: 29/29 MP: 3/3
   765 | D:2      | Gained mutation: You are mostly covered in rugged brown
                  | scales. (AC +2, +5% HP) [demonic ancestry]
   765 | D:2      | Reached XP level 4. HP: 18/36 MP: 4/4
  1618 | D:3      | Reached skill level 1 in Dodging
  1624 | D:3      | Reached XP level 5. HP: 35/43 MP: 5/5
  2199 | D:3      | Found a blossoming altar of Fedhas.
  2339 | D:3      | Found a deep blue altar of Sif Muna.
  2339 | D:3      | Found a white marble altar of Elyvilon.
  2396 | D:2      | Found an opulent altar of Gozag.
  3015 | D:4      | Got a slimy leather armour
  3026 | D:4      | Identified the +1 leather armour of Ashenzari's Approval
                  | {Dex+6} (You found it on level 4 of the Dungeon)
  3030 | D:4      | Gained mutation: You are partially covered in sharp spines.
                  | [demonic ancestry]
  3030 | D:4      | Reached XP level 6. HP: 45/49 MP: 6/6
  3130 | D:4      | Found a glowing golden altar of the Shining One.
  3245 | D:4      | Reached skill level 1 in Stealth
  3641 | D:4      | Found a runed door.
  3763 | D:4      | Noticed Crazy Yiuf
  3769 | D:4      | Killed Crazy Yiuf
  3846 | D:5      | Entered Level 5 of the Dungeon
  3854 | D:5      | Reached XP level 7. HP: 44/56 MP: 7/7
  3859 | D:5      | Found a snail-covered altar of Cheibriados.
  3886 | D:5      | Noticed Eustachio
  3904 | D:5      | Killed Eustachio
  4021 | D:5      | Slain by a centaur

Vault maps used:
D:1:      lemuel_arrival_room
D:2:      lemuel_upstairs_altar
D:3:      fedhas_altar_2, gammafunk_temple_overflow_wave
D:4:      nicolae_tso_besieged_by_evil, first_ration, uniq_crazy_yiuf_cottage
D:5:      nemelex_xobeh_ov_fountains_minmay, kennysheep_slug_shrine,
          grunt_decor_arrowhead, uniq_eustachio

Skill      XL: |  1  2  3  4  5  6  7 |
---------------+----------------------+-----
Armour         | 3 |  3.7
Axes           | 2 3 4 |  4.9
Shields        | 3 4 |  4.0
Dodging        | 1 |  1.5
Stealth        | 1 |  1.8
Fighting       | 4 |  4.5

Action                   |  1- 3 |  4- 6 |  7- 9 || total
-------------------------+-------+-------+-------++-------
Melee: War axe           |   109 |   218 |    27 ||   354
 Stab: Sleeping          |       |     1 |       ||     1
  Eat: Chunk             |       |    10 |     1 ||    11
Armor: Scale mail        |    78 |    69 |       ||   147
       Leather armour    |       |    18 |     7 ||    25
Dodge: Dodged            |    50 |    72 |    18 ||   140
Block: Shield            |    74 |   117 |    25 ||   216

Table legend:
 A = Non-vault XP
 B = Vault XP
 C = Vault XP percentage of total XP
 D = Non-vault monster count
 E = Vault monster count
 F = Vault count percentage of total count
                 A         B        C        D         E       F
            +---------+---------+-------+---------+---------+-------
      Total |     693 |     312 |  31.0 |      94 |      17 |  15.3
            +---------+---------+-------+---------+---------+-------
        D:1 |      45 |       0 |   0.0 |      25 |       0 |   0.0
        D:2 |      95 |       0 |   0.0 |      25 |       0 |   0.0
        D:3 |     147 |       0 |   0.0 |      22 |       0 |   0.0
        D:4 |     283 |     100 |  26.1 |      16 |      15 |  48.4
        D:5 |     123 |     212 |  63.3 |       6 |       2 |  25.0
            +---------+---------+-------+---------+---------+-------
